 Dungeon Crawl Stone Soup version 0.29-a0-555-g3b24f45cc1 (webtiles) character file.

Game seed: 5829074134981677727

12186 zishaf the Dancer (level 11, 0/63 HPs)
             Began as a Vine Stalker Brigand on June 7, 2022.
             Was an Elder of Uskayaw.
             Slain by a salamander (shapeshifter) (4 damage)
             ... on level 13 of the Dungeon.
             The game lasted 00:25:24 (9791 turns).

zishaf the Dancer (Vine Stalker Brigand)            Turns: 9791, Time: 00:25:24

Health: 0/63       AC: 12    Str: 13    XL:     11   Next: 89%
Magic:  0/31       EV: 11    Int: 11    God:    Uskayaw [****..]
Gold:   851        SH:  0    Dex: 28    Spells: 10/10 levels left

rFire   . . .      SeeInvis +   a - +3 dagger
rCold   + . .      Faith    .   o - orb {light}
rNeg    . . .      Spirit   +   n - +4 ring mail
rPois   +          Reflect  .   (no helmet)
rElec   +          Harm     .   c - +1 cloak
rCorr   +          Rampage  .   X - +0 pair of gloves
Will    +....                   (no boots)
Stlth   +.........              j - amulet of regeneration
HPRegen 1.80/turn               g - ring "Wamukub" {rCorr Dex+7}
MPRegen 0.22/turn               D - ring of Yfaliz {rElec rPois rC+ MP+9 SInv}

@: confused, ambrosia-drunk, glowing
A: fangs 3, regeneration 1, magic shield, antimagic bite, no potion heal 2
a: Renounce Religion, Stomp, Line Pass


You were on level 13 of the Dungeon.
You worshipped Uskayaw.
Uskayaw was pleased with you.
You visited 2 branches of the dungeon, and saw 14 of its levels.
You also visited: Sewer and Bailey.

You collected 851 gold pieces.

Inventory:

Hand Weapons
 a - a +3 dagger (weapon)
 b - a +0 hunting sling
Missiles
 d - 32 poisoned darts (quivered)
 e - 3 curare-tipped darts
 L - 4 datura-tipped darts
 M - 4 silver boomerangs
 N - 3 boomerangs
 P - 2 throwing nets
 S - 5 atropa-tipped darts
Armour
 c - a +1 cloak (worn)
 n - a +4 ring mail (worn)
 o - an orb of light (worn)
 Q - +0 steam dragon scales
 X - a +0 pair of gloves (worn)
Jewellery
 g - the ring "Wamukub" (left hand) {rCorr Dex+7}
   (You acquired it on level 4 of the Dungeon)

   [ring of resist corrosion]

   Dex:       It affects your dexterity (+7).
   rCorr:     It protects you from acid and corrosion.
 j - an amulet of regeneration (around neck)
 k - a ring of positive energy
 l - a ring of flight
 r - a ring of resist corrosion
 x - a ring of protection from cold
 D - the ring of Yfaliz (right hand) {rElec rPois rC+ MP+9 SInv}
   (You acquired it in a bailey)

   [ring of poison resistance]

   rC:        It protects you from cold.
   rElec:     It insulates you from electricity.
   rPois:     It protects you from poison.
   MP:        It affects your magic capacity (+9).
   SInv:      It lets you see invisible.
 F - a ring of protection from fire
 R - an amulet of reflection
Wands
 m - a wand of polymorph (5)
 y - a wand of flame (24)
 H - a wand of paralysis (5)
 V - a wand of charming (2)
Scrolls
 h - 4 scrolls of teleportation
 v - 4 scrolls of poison
 C - 3 scrolls of enchant weapon
 E - a scroll of blinking
 J - 4 scrolls of immolation
 O - a scroll of fog
 T - 3 scrolls of magic mapping
 U - 4 scrolls of vulnerability
 W - 2 scrolls of identify
Potions
 f - 3 potions of mutation
 i - 4 potions of attraction
 p - 6 potions of curing
 s - 2 potions of resistance
 w - 5 potions of flight
 z - a potion of lignification
 A - a potion of might
 K - 2 potions of brilliance


   Skills:
 + Level 9.6 Fighting
 - Level 6.0 Short Blades
 - Level 2.0 Throwing
 - Level 1.0 Dodging
 - Level 6.0 Stealth
 + Level 13.4 Invocations
 * Level 3.0 Evocations


You had 10 spell levels left.
You didn't know any spells.
Your spell library contained the following spells:

 Spells                   Type           Power      Damage    Failure   Level
 Sandblast                Erth           0%         2d4       61%         1
 Slow                     Hex            0%         N/A       61%         1
 Blink                    Tloc           0%         N/A       75%         2
 Passwall                 Tmut/Erth      0%         N/A       75%         2
 Confusing Touch          Hex            0%         N/A       93%         3
 Dazzling Flash           Conj/Hex       0%         N/A       93%         3
 Gell's Gravitas          Tloc           0%         N/A       93%         3
 Ignite Poison            Fire/Tmut/Pois 0%         N/A       93%         3
 Mephitic Cloud           Conj/Pois/Air  0%         N/A       93%         3
 Ozocubu's Armour         Ice            0%         N/A       93%         3
 Stone Arrow              Conj/Erth      0%         3d7       93%         3
 Teleport Other           Tloc           0%         N/A       93%         3
 Vampiric Draining        Necr           0%         2d6       93%         3
 Animate Dead             Necr           0%         N/A       100%        4
 Iskenderun's Mystic Bla  Conj/Tloc      0%         2d3       100%        4
 Agony                    Necr           0%         N/A       100%        5
 Borgnjor's Vile Clutch   Necr/Erth      0%         N/A       100%        5
 Freezing Cloud           Conj/Ice/Air   0%         6-21      100%        5
 Manifold Assault         Tloc           0%         N/A       100%        5
 Silence                  Hex/Air        0%         N/A       100%        5
 Death Channel            Necr           0%         N/A       100%        6
 Dispersal                Tloc           0%         N/A       100%        6
 Starburst                Conj/Fire      0%         6d3       100%        6
 Ozocubu's Refrigeration  Ice            0%         4d5       100%        7
 Storm Form               Tmut/Air       0%         N/A       100%        7


Dungeon Overview and Level Annotations

Branches:
Dungeon (14/15)            Temple (1/1) D:4            Lair (0/6) D:10
  Sewer (visited)          Bailey (visited)
    Orc: D:9-12      Vaults: D:13-14

Altars:
Cheibriados
Dithmenos
Fedhas
Gozag
Nemelex Xobeh
Okawaru
Qazlal
Ru
Trog
Uskayaw
Wu Jian
Yredelemnul

Shops:
D:10 [

Annotations:
D:14 Roxanne


Innate Abilities, Weirdness & Mutations

You have razor-sharp teeth.
Your natural rate of healing is unusually fast.
When hurt, damage is shared between your health and your magic reserves.
Your bite disrupts and absorbs the magic of your enemies.
Potions cannot restore your health.


Message History

The salamander hits you!
* * * LOW HITPOINT WARNING * * *
You are engulfed in flames!
* * * LOW HITPOINT WARNING * * *
Unknown command.
You hit the salamander.
The salamander is lightly wounded.
Uskayaw will force your foes to helplessly watch your dance.
You hit the salamander. You bite the salamander! You drain its power.
You feel invigorated.
The salamander is moderately wounded.
The salamander barely misses you.
You hit the salamander. You bite the salamander! You drain its power.
You feel invigorated.
The salamander is moderately wounded.
The salamander hits you but does no damage.
You hit the salamander. You bite the salamander! You drain its power.
The salamander is heavily wounded.
Uskayaw will force your foes to share their pain.
Uskayaw links your audience in an emotional bond!
Okay, then.
You hit the salamander. You bite the salamander! You drain its power.
The salamander is severely wounded.
The salamander hits you.
* * * LOW HITPOINT WARNING * * *
You are engulfed in flames!
* * * LOW HITPOINT WARNING * * *
Unknown command.
You hit the salamander but do no damage.
The salamander is severely wounded.
The salamander hits you!
* * * LOW HITPOINT WARNING * * *
You are engulfed in flames!
* * * LOW HITPOINT WARNING * * *
Unknown command.
You are confused.
Your system rejects the healing.
You feel invigorated. The salamander hits you.
* * * LOW HITPOINT WARNING * * *
You are engulfed in flames!
You die...

#....#
#....#
#....#
#....#
#....#
#....####
#ND......
#@.......
#.....)..
+........
#........
#########


You could see a salamander (pain bonded) and an acid dragon (pain bonded).

Vanquished Creatures
  2 hydras (D:11)
  2 two-headed ogres (D:9)
  The ghost of Taurus the Cleaver, a novice MiFi of the Shining One (D:8)
  Pikel (D:7)
  A manticore (D:14)
  A cyclops (Bailey)
  An unseen horror (D:11)
  A kobold demonologist (D:10)
  A hornet (D:9)
  A wyvern (D:10)
  14 yaks
  A vampire (D:11)
  2 steam dragons
  4 vampire mosquitoes (D:10)
  Menkaure (D:7)
  2 water moccasins
  An acid dragon (D:10)
  An ice beast (D:7)
  12 orc warriors
  A black bear (D:4)
  2 ogres
  4 centaurs
  2 lemures (D:7)
  3 phantoms
  2 bullfrogs
  2 kobold brigands
  A gnoll sergeant (D:11)
  2 scorpions
  10 killer bees
  Crazy Yiuf (D:7)
  A gnoll shaman (D:8)
  A jelly (D:5)
  2 hounds (D:5)
  Terence (D:6)
  6 iguanas
  5 orc wizards
  6 gnolls
  13 adders
  5 river rats
  A shadow imp (D:6)
  3 white imps
  2 worms
  2 dart slugs
  34 orcs
  12 ball pythons
  8 endoplasms
  10 giant cockroaches
  2 hobgoblins (D:1)
  5 jackals
  4 quokkas
  15 bats
  5 frilled lizards
  14 goblins
  17 kobolds
  10 rats
264 creatures vanquished.

Vanquished Creatures (collateral kills)
  An acid dragon (D:9)
1 creature vanquished.

Grand Total: 265 creatures vanquished

Notes
Turn   | Place    | Note
-------+----------+-------------------------------------------
     0 | D:1      | zishaf the Vine Stalker Brigand began the quest for the
                  | Orb.
     0 | D:1      | Reached XP level 1. HP: 11/11 MP: 2/2
   246 | D:1      | Reached skill level 1 in Dodging
   246 | D:1      | Reached XP level 2. HP: 14/15 MP: 3/3
   291 | D:1      | Reached skill level 5 in Stealth
  1211 | D:2      | Reached XP level 3. HP: 18/18 MP: 4/4
  2010 | D:3      | Gained mutation: Your natural rate of healing is unusually
                  | fast. [Vine Stalker growth]
  2010 | D:3      | Reached XP level 4. HP: 23/23 MP: 5/5
  2296 | D:3      | Noticed Terence
  2894 | D:4      | Reached XP level 5. HP: 28/28 MP: 4/6
  2929 | D:4      | Identified a scroll of acquirement
  2929 | D:4      | Acquired the ring "Wamukub" {rCorr Dex+7}
  3036 | D:4      | Noticed a phantom
  3054 | D:4      | Killed a phantom
  3126 | D:4      | Found a staircase to the Ecumenical Temple.
  3145 | Temple   | Entered the Ecumenical Temple
  3205 | Temple   | Became a worshipper of Uskayaw the Reveller
  3328 | D:4      | Noticed a black bear
  3334 | D:4      | Reached * piety under Uskayaw
  3336 | D:4      | Reached ** piety under Uskayaw
  3340 | D:4      | Killed a black bear
  3340 | D:4      | Reached *** piety under Uskayaw
  3341 | D:4      | Reached skill level 1 in Invocations
  3341 | D:4      | Reached XP level 6. HP: 32/33 MP: 6/8
  3657 | D:4      | Found a staircase to the Ecumenical Temple.
  3814 | D:5      | Entered Level 5 of the Dungeon
  3822 | D:5      | Reached skill level 2 in Invocations
  3843 | D:5      | Reached XP level 7. HP: 36/37 MP: 10/10
  3860 | D:5      | Reached skill level 3 in Invocations
  3890 | D:5      | Found an iron altar of Okawaru.
  4110 | D:5      | Reached skill level 4 in Invocations
  4257 | D:6      | Gained mutation: You have razor-sharp teeth. [Vine Stalker
                  | growth]
  4257 | D:6      | Reached XP level 8. HP: 42/42 MP: 12/12
  4260 | D:6      | Reached **** piety under Uskayaw
  4302 | D:6      | Reached skill level 5 in Invocations
  4420 | D:6      | Reached skill level 5 in Fighting
  4449 | D:6      | Found a glowing drain.
  4472 | Sewer    | Entered a sewer
  4604 | Sewer    | Reached skill level 5 in Short Blades
  5087 | D:6      | Found a blossoming altar of Fedhas.
  5096 | D:6      | Killed Terence
  5097 | D:6      | Reached skill level 6 in Invocations
  5130 | D:6      | Found a snail-covered altar of Cheibriados.
  5310 | D:7      | Found a flagged portal.
  5321 | Bailey   | Entered a bailey
  5390 | Bailey   | Reached XP level 9. HP: 32/47 MP: 13/15
  5448 | Bailey   | Reached skill level 7 in Invocations
  5755 | Bailey   | Acquired the ring of Yfaliz {rElec rPois rC+ MP+9 SInv}
  5806 | Bailey   | Noticed an orc knight
  5807 | Bailey   | Noticed a cyclops
  5807 | Bailey   | an orc knight changed into a cyclops
  5820 | Bailey   | Killed a cyclops
  5821 | Bailey   | Reached skill level 8 in Invocations
  5823 | Bailey   | Identified the +4 hand axe "Cim Xurgh" {freeze, Str-2
                  | Dex+4}
  5825 | Bailey   | Identified the +5 shortbow of Oduupio {speed, rElec Will+
                  | Str+3 Dex-5}
  5983 | D:7      | Noticed Pikel
  6001 | D:7      | Paralysed by Pikel for 3 turns
  6013 | D:7      | Killed Pikel
  6013 | D:7      | Reached ***** piety under Uskayaw
  6014 | D:7      | Reached skill level 9 in Invocations
  6014 | D:7      | Reached XP level 10. HP: 55/55 MP: 17/17
  6261 | D:7      | Noticed Menkaure
  6276 | D:7      | Killed Menkaure
  6502 | D:7      | Found a runed translucent door.
  6505 | D:7      | Noticed Crazy Yiuf
  6513 | D:7      | Killed Crazy Yiuf
  6616 | D:8      | Reached skill level 10 in Invocations
  6800 | D:8      | Found a basalt altar of Yredelemnul.
  6809 | D:8      | Found a runed translucent gate.
  6809 | D:8      | Found a runed translucent gate.
  6809 | D:8      | Found a runed translucent gate.
  6814 | D:8      | Noticed Taurus's ghost (novice MiFi)
  6834 | D:8      | Killed Taurus's ghost
  7110 | D:8      | Found a sacrificial altar of Ru.
  7496 | D:9      | Noticed a two-headed ogre
  7506 | D:9      | Reached skill level 11 in Invocations
  7514 | D:9      | Killed a two-headed ogre
  7707 | D:9      | Noticed a two-headed ogre
  7722 | D:9      | Killed a two-headed ogre
  7723 | D:9      | Reached XP level 11. HP: 18/60 MP: 13/20
  7811 | D:9      | Reached skill level 12 in Invocations
  7837 | D:9      | Found a sparkling altar of Nemelex Xobeh.
  7893 | D:9      | Paralysed by a hornet for 3 turns
  7958 | D:9      | Found a stormy altar of Qazlal.
  8269 | D:10     | Entered Level 10 of the Dungeon
  8641 | D:10     | Found a staircase to the Lair.
  8951 | D:10     | Reached skill level 13 in Invocations
  9088 | D:10     | Found an opulent altar of Gozag.
  9088 | D:10     | Found a bloodstained altar of Trog.
  9118 | D:10     | Found Cheibriados's Comfort Zone.
  9119 | D:10     | Found a snail-covered altar of Cheibriados.
  9366 | D:11     | Noticed a six-headed hydra
  9374 | D:11     | Killed a six-headed hydra
  9375 | D:11     | Reached skill level 1 in Evocations
  9468 | D:11     | Noticed a six-headed hydra
  9470 | D:11     | Noticed a four-headed hydra
  9571 | D:11     | Killed a four-headed hydra
  9692 | D:11     | You fall into a shaft and drop 3 floors!
  9719 | D:14     | Noticed a skeletal warrior
  9737 | D:14     | Noticed Roxanne
  9747 | D:14     | Noticed a rakshasa
  9750 | D:14     | Noticed a manticore
  9773 | D:14     | Noticed a skeletal warrior
  9775 | D:14     | Noticed a skeletal warrior
  9776 | D:14     | Killed a manticore
  9776 | D:14     | Noticed a cyclops
  9780 | D:14     | Noticed a salamander
  9790 | D:13     | HP: 3/63 [salamander (shapeshifter) (4)]
  9791 | D:13     | Slain by a salamander (shapeshifter)

Illustrated notes

Levels and vault maps discovered:
D:1:      psy_arrival_radial01, layout_basic, serial_curves, eino_curves_01,
          eino_curves_03
D:2:      layout_basic
D:3:      layout_basic, uniq_terence
D:4:      layout_rooms, minmay_temple_entry_mist, hangedman_decor_riveting
D:5:      layout_gridville, lemuel_crystal_altar
D:6:      layout_cave_pools, mainiacjoe_overflow_two_lobes, portal_sewer_entry_b
D:7:      layout_loops_ring, enter_bailey_5, uniq_crazy_yiuf_cottage,
          uniq_pikel, uniq_menkaure
D:8:      layout_basic, nicolae_ru_sacrificial_ziggurat, kennysheep_mini,
          ebering_ghost_rock_garden
D:9:      layout_rooms, kennysheep_little_box, nemelex_altar_shiori
D:10:     layout_loops_ring, gammafunk_temple_overflow_wave, lair_entry_dummy,
          serial_glass, glass_columns_b, glass_columns_b, glass_columns_a,
          glass_columns_c, glass_columns_a, glass_columns_b,
          mrwooster_statue_mirror, minmay_shop_chei
D:11:     layout_loops_ring
D:13:     layout_gridville, hangedman_abyss_or_decor_clamps,
          chequers_serial_rivers_small_3
D:14:     layout_cross, grunt_vaults_entry_tiered, amethyst_killhole,
          nicolae_ashenzari_panopticon, uniq_roxanne
Temple:   nicolae_temple_figure_eight

Skill      XL: |  1  2  3  4  5  6  7  8  9 10 11 |
---------------+----------------------------------+-----
Dodging        | 1 |  1.0
Stealth        | 5 6 |  6.0
Throwing       | 2 |  2.0
Short Blades   | 2 3 4 5 6 |  6.0
Fighting       | 2 3 4 5 7 8 9 |  9.6
Invocations    | 1 2 4 6 9 11 13 | 13.4
Evocations     | 3 |  3.0

Action                   |  1- 3 |  4- 6 |  7- 9 | 10-12 || total
-------------------------+-------+-------+-------+-------++-------
Melee: Dagger            |    79 |   149 |   328 |   469 ||  1025
       Bite              |    15 |    54 |   142 |   225 ||   436
       Punch             |       |     2 |     2 |       ||     4
 Fire: Hunting sling     |     2 |       |       |       ||     2
Throw: Dart              |     2 |     6 |       |     3 ||    11
Invok: Grand Finale      |       |       |       |     2 ||     2
Evoke: Wand              |       |       |     1 |     1 ||     2
  Use: Scroll            |       |    12 |     8 |    10 ||    30
       Potion            |       |       |     2 |     3 ||     5
 Stab: Sleeping          |    16 |     8 |     5 |     1 ||    30
       Distracted        |     1 |     1 |       |     1 ||     3
       Paralysed         |       |     1 |    17 |    29 ||    47
Armor: Robe              |     6 |       |       |       ||     6
       Ring mail         |    17 |    44 |    88 |     5 ||   154
       Chain mail        |       |       |    64 |    74 ||   138
       Steam dragon scal |       |       |       |    72 ||    72
Dodge: Dodged            |    30 |    69 |   145 |   185 ||   429

Table legend: (Time is in decaauts)
 A = Elapsed time spent in this place.
 B = Non-inter-level travel time spent in this place.
 C = Inter-level travel time spent in this place.
 D = Time resting spent in this place.
 E = Time spent auto-exploring this place.
 F = Levels seen in this place.
 G = Mean time per level.
                   A        B        C        D        E       F      G
               +--------+--------+--------+--------+--------+-----+--------+
         Total |   9559 |   9102 |    457 |    149 |   6667 |  16 |  597.4 |
       Dungeon |   8429 |   7988 |    441 |     81 |   5958 |  13 |  648.4 |
        Temple |     72 |     56 |     16 |      0 |     54 |   1 |   72.0 |
         Sewer |    459 |    459 |      0 |      0 |    296 |   1 |  459.0 |
        Bailey |    598 |    598 |      0 |     68 |    358 |   1 |  598.0 |
               +--------+--------+--------+--------+--------+-----+--------+

Top non-repeatable levels by time:
     D:1: 1176 daAuts
    D:10: 977 daAuts
     D:2: 938 daAuts
     D:4: 937 daAuts
     D:8: 840 daAuts
     D:9: 766 daAuts
     D:3: 715 daAuts
     D:7: 665 daAuts
  Bailey: 598 daAuts
     D:6: 566 daAuts
   Sewer: 459 daAuts
    D:11: 391 daAuts
     D:5: 361 daAuts
    D:14: 86 daAuts
  Temple: 72 daAuts
